[Event "42nd Olympiad Baku 2016 Women"]
[Site "Baku"]
[Date "2016.09.05"]
[Round "4.25"]
[White "Shamima, Akter Liza"]
[Black "Atalik, Ekaterina"]
[Result "0-1"]
[ECO "D85"]
[WhiteElo "2129"]
[BlackElo "2422"]
[Annotator ""]
[PlyCount "64"]
[EventDate "2016.??.??"]
[EventCountry "AZE"]
[SourceTitle "playchess.com"]
[Source "ChessBase"]
[WhiteTeam "Bangladesh"]
[BlackTeam "Turkey"]
[WhiteTeamCountry "BAN"]
[BlackTeamCountry "TUR"]
[TimeControl "40/5400+30:1800+30"]

1. d4 {(00:00)} Nf6 {(00:00)} 2. c4 {(00:09)} g6 {(
00:00)} 3. Nc3 {(00:32)} d5 {(00:08)} 4. cxd5 {(00:57)}
Nxd5 {(00:04)} 5. e4 {(00:10)} Nxc3 {(00:05)} 6. bxc3 {
(00:07)} Bg7 {(00:17)} 7. Nf3 {(00:13)} c5 {(00:23]
} 8. Bb5+ {(00:55)} Bd7 {(02:03)} 9. Bxd7+ {(00:55)} Nxd7
{(03:08)} 10. O-O {(02:24)} O-O {(00:40)} 11. Rb1 {
(03:09)} Qc7 {(01:48)} 12. Qe2 {(09:39)} e6 {(02:
00)} 13. Bg5 {(05:10)} h6 {(02:53)} 14. Bd2 {(01:49)} Rac8
{(04:24)} 15. Qb5 {(11:47)} b6 {(02:17)} 16. Rfe1 {
(06:58)} Rfd8 {(07:06)} 17. h3 {(06:05)} cxd4 {(04:
56)} 18. cxd4 {(00:13)} Qc4 {(00:39)} 19. a4 {(09:35)} a6
{(04:37)} 20. Qb2 {(07:17)} Qxa4 {(03:47)} 21. Ra1 {
(02:58)} Qc2 {(11:57)} 22. Qxc2 {(02:12)} Rxc2 {(
00:05)} 23. Rxa6 {(00:08)} Bxd4 {(02:38)} 24. Nxd4 {(13:
33)} Rxd2 {(00:13)} 25. Nc6 {(00:42)} Re8 {(01:42)} 26.
Ra7 {(02:28)} Kg7 {(01:08)} 27. Re3 {(08:39)} g5 {(
09:08)} 28. g3 {(03:00)} Rc8 {(01:26)} 29. Nb4 {(00:14)}
Ne5 {(02:00)} 30. Rb7 {(00:51)} Rc1+ {(01:06)} 31. Kg2 {
(00:05)} Rb1 {(01:25)} 32. Na6 {(02:28)} Rdd1 {(01:
36)} 0-1

[Event "42nd Olympiad Baku 2016 Women"]
[Site "Baku"]
[Date "2016.09.05"]
[Round "4.30"]
[White "Shih, Ching-An"]
[Black "Barrett, Ariel"]
[Result "1-0"]
[ECO "D04"]
[WhiteElo "1460"]
[BlackElo "1763"]
[Annotator ""]
[PlyCount "49"]
[EventDate "2016.??.??"]
[EventCountry "AZE"]
[SourceTitle "playchess.com"]
[Source "ChessBase"]
[WhiteTeam "Taiwan"]
[BlackTeam "Jamaica"]
[WhiteTeamCountry "TPE"]
[BlackTeamCountry "JAM"]
[TimeControl "40/5400+30:1800+30"]

1. Nf3 {(00:00)} d5 {(00:00)} 2. d4 {(00:00)} Nf6 {
(00:00)} 3. e3 {(00:00)} Bf5 {(00:00)} 4. c4 {(00:
00)} e6 {(00:34)} 5. Nc3 {(00:02)} c6 {(01:40)} 6. Be2 {
(01:22)} Nbd7 {(00:53)} 7. O-O {(01:29)} Be7 {(04:
47)} 8. a3 {(02:06)} a5 {(05:53)} 9. Qb3 {(00:48)} Qc7 {
(04:43)} 10. a4 {(10:29)} dxc4 {(04:21)} 11. Bxc4 {
(00:18)} O-O {(00:12)} 12. h3 {(00:38)} Ne4 {(11:
23)} 13. Nxe4 {(01:19)} Bxe4 {(00:01)} 14. Be2 {(01:24)}
c5 {(07:47)} 15. Bd2 {(00:27)} Rfc8 {(05:37)} 16. Bc3 {
(04:14)} c4 {(06:46)} 17. Qd1 {(00:35)} Nb6 {(01:
22)} 18. Nd2 {(00:34)} Bc6 {(06:15)} 19. Nxc4 {(10:18)}
Nxc4 {(00:14)} 20. Bxc4 {(00:05)} Bxg2 {(00:36)} 21. Bxe6
{(00:06)} Qc6 {(28:33)} 22. d5 {(00:37)} Qa6 {(04:
16)} 23. Bxc8 {(03:05)} Bxf1 {(00:44)} 24. Qg4 g6 {(04:49]
} 25. Rxf1 {(01:37)} 1-0

[Event "42nd Olympiad Baku 2016 Women"]
[Site "Baku"]
[Date "2016.09.05"]
[Round "4.18"]
[White "Shipindo, Rauha"]
[Black "Kukula, Esi"]
[Result "1-0"]
[ECO "C50"]
[WhiteElo "1621"]
[BlackElo "1264"]
[Annotator ""]
[PlyCount "61"]
[EventDate "2016.??.??"]
[EventCountry "AZE"]
[SourceTitle "playchess.com"]
[Source "ChessBase"]
[WhiteTeam "Namibia"]
[BlackTeam "Ghana"]
[WhiteTeamCountry "NAM"]
[BlackTeamCountry "GHA"]
[TimeControl "40/5400+30:1800+30"]

1. e4 {(00:00)} e5 {(00:22)} 2. Nf3 {(00:00)} Nc6 {
(00:49)} 3. Bc4 {(00:11)} Bc5 {(01:15)} 4. d3 {(01:
16)} d6 {(00:30)} 5. Nc3 {(06:34)} a6 {(03:45)} 6. Ng5 {
(04:26)} Qf6 {(04:14)} 7. O-O {(02:59)} g6 {(04:43]
} 8. Nxf7 {(03:14)} Be6 {(09:04)} 9. Bxe6 {(06:27)} h6 {
(09:50)} 10. Nd5 {(04:28)} Qxe6 {(00:53)} 11. Nxc7+ {
(00:27)} Kxf7 {(01:02)} 12. Nxe6 {(00:14)} Kxe6 {(
00:03)} 13. Qg4+ {(00:39)} Kf6 {(02:41)} 14. Be3 {(00:39)}
Nb4 {(05:00)} 15. Bxc5 {(00:55)} dxc5 {(00:09)} 16. c3 {
(00:26)} Nxd3 {(02:50)} 17. Qf3+ {(00:16)} Nf4 {(
00:24)} 18. g3 {(00:10)} Rf8 {(03:28)} 19. gxf4 {(00:12)}
exf4 {(00:50)} 20. Qxf4+ {(00:07)} Kg7 {(01:50)} 21. Qc7+
{(03:49)} Rf7 {(01:53)} 22. Qxc5 {(00:08)} Nf6 {(
01:16)} 23. e5 {(01:23)} Nd7 {(01:41)} 24. Qd4 {(00:16)}
Rd8 {(02:10)} 25. e6+ {(00:08)} Rf6 {(01:37)} 26. exd7 {
(00:20)} Rxd7 {(01:02)} 27. Qxd7+ {(00:16)} Rf7 {(
01:02)} 28. Qd4+ {(00:48)} Rf6 {(00:29)} 29. Rae1 {(00:05]
} g5 {(00:59)} 30. Re6 {(00:24)} Kf7 {(04:11)} 31. Qxf6+ {
(00:10)} 1-0

[Event "42nd Olympiad Baku 2016 Women"]
[Site "Baku"]
[Date "2016.09.05"]
[Round "4.8"]
[White "Siew, Kai Xin"]
[Black "Bosch Garcia, Jacqueline"]
[Result "1/2-1/2"]
[ECO "E12"]
[WhiteElo "1607"]
[BlackElo "2011"]
[Annotator ""]
[PlyCount "121"]
[EventDate "2016.??.??"]
[EventCountry "AZE"]
[SourceTitle "playchess.com"]
[Source "ChessBase"]
[WhiteTeam "Singapore"]
[BlackTeam "Ecuador"]
[WhiteTeamCountry "SIN"]
[BlackTeamCountry "ECU"]
[TimeControl "40/5400+30:1800+30"]

1. d4 {(00:00)} Nf6 {(00:00)} 2. c4 {(00:00)} e6 {(
00:00)} 3. Nf3 {(00:00)} b6 {(00:55)} 4. a3 {(00:00)} Bb7
{(00:31)} 5. Nc3 {(00:12)} d5 {(04:09)} 6. cxd5 {(
00:06)} Nxd5 {(02:25)} 7. e3 {(00:27)} Be7 {(00:52)} 8.
Bb5+ {(03:04)} c6 {(03:21)} 9. Bd3 {(00:04)} O-O {(
01:29)} 10. O-O {(00:05)} c5 {(05:30)} 11. Qe2 {(06:49)}
cxd4 {(07:08)} 12. exd4 {(00:08)} Nd7 {(01:16)} 13. Nxd5 {
(00:07)} Bxd5 {(01:16)} 14. Be4 {(00:34)} Nf6 {(03:
36)} 15. Bxd5 {(00:51)} Qxd5 {(05:21)} 16. Bg5 {(12:46)}
h6 {(00:19)} 17. Bxf6 {(00:17)} Bxf6 {(00:14)} 18. Rfd1 {
(02:58)} Rac8 {(01:20)} 19. Rd2 {(08:22)} Rc7 {(02:
58)} 20. Rad1 {(09:40)} Rfc8 {(01:53)} 21. Qd3 {(03:05)}
b5 {(03:31)} 22. h3 {(00:30)} a5 {(01:12)} 23. Qe3 {
(06:10)} b4 {(10:17)} 24. axb4 {(08:50)} axb4 {(00:
02)} 25. Rd3 {(00:09)} Rc2 {(10:59)} 26. R1d2 {(10:12)}
Rc1+ {(02:47)} 27. Rd1 {(00:05)} Rxd1+ {(21:42)} 28. Rxd1
{(00:05)} Rd8 {(00:29)} 29. Rd2 {(00:30)} Qc4 {(04:
04)} 30. Kh2 {(08:49)} Qd5 {(02:39)} 31. Kg1 {(01:21)} Qc4
{(00:03)} 32. Kh2 {(00:22)} Qd5 {(01:06)} 33. Kg1 {
(00:15)} Bg5 {(01:49)} 34. Nxg5 {(00:19)} hxg5 {(
00:01)} 35. Rd1 {(05:40)} f6 {(01:09)} 36. Re1 {(00:19)}
Kf7 {(00:27)} 37. h4 {(02:42)} gxh4 {(00:27)} 38. Qh3 {
(00:03)} Rd6 {(00:44)} 39. Qxh4 {(00:16)} Qxd4 {(
00:45)} 40. Qh5+ {(00:00)} Ke7 {(00:00)} 41. Qg6 {(00:45)}
f5 {(12:28)} 42. Qxf5 {(00:25)} Qxb2 {(00:13)} 43. Qb5 {
(02:29)} Qd4 {(03:10)} 44. Qb7+ {(00:44)} Rd7 {(00:
20)} 45. Qf3 {(00:49)} Qc3 {(00:43)} 46. Qe4 {(02:15)} Rd6
{(03:55)} 47. Qb7+ {(02:50)} Rd7 {(00:12)} 48. Qe4 {
(00:10)} Rd6 {(08:20)} 49. Qb7+ {(00:08)} Rd7 {(03:
02)} 50. Qe4 {(00:15)} e5 {(00:56)} 51. Qxe5+ {(09:10)}
Qxe5 {(00:02)} 52. Rxe5+ {(00:06)} Kf6 {(00:04)} 53. Rb5 {
(00:08)} Rd1+ {(00:22)} 54. Kh2 {(00:03)} Rb1 {(00:
05)} 55. Kg3 {(00:19)} b3 {(01:51)} 56. Kf3 {(02:57)} Ke6
{(00:28)} 57. Ke2 {(01:04)} Kd6 {(02:15)} 58. Kd3 {
(04:43)} b2 {(00:53)} 59. Ke2 {(01:11)} Rg1 {(00:
51)} 60. Rxb2 {(00:07)} Rxg2 {(00:01)} 61. Kf3 {(00:13)}
1/2-1/2

[Event "42nd Olympiad Baku 2016 Women"]
[Site "Baku"]
[Date "2016.09.05"]
[Round "4.13"]
[White "Sihite, Chelsie Monica Igne"]
[Black "Khademalsharieh, Sarasadat"]
[Result "0-1"]
[ECO "C77"]
[WhiteElo "2199"]
[BlackElo "2429"]
[Annotator ""]
[PlyCount "94"]
[EventDate "2016.??.??"]
[EventCountry "AZE"]
[SourceTitle "playchess.com"]
[Source "ChessBase"]
[WhiteTeam "Indonesia"]
[BlackTeam "Iran"]
[WhiteTeamCountry "INA"]
[BlackTeamCountry "IRI"]
[TimeControl "40/5400+30:1800+30"]

1. e4 {(00:00)} e5 {(00:00)} 2. Nf3 {(00:22)} Nc6 {
(00:14)} 3. Bb5 {(01:51)} a6 {(00:31)} 4. Ba4 {(01:
32)} Nf6 {(00:39)} 5. d3 {(01:52)} b5 {(02:11)} 6. Bb3 {
(00:10)} Bc5 {(00:07)} 7. Nc3 {(02:48)} h6 {(03:36]
} 8. Nd5 {(05:38)} d6 {(07:41)} 9. c3 {(03:59)} Bb7 {
(15:22)} 10. O-O {(10:39)} O-O {(00:48)} 11. a4 {(
06:33)} Nxd5 {(10:29)} 12. Bxd5 {(00:23)} Rb8 {(01:16)}
13. d4 {(20:21)} Bb6 {(01:16)} 14. axb5 {(01:29)} axb5 {
(00:07)} 15. Be3 {(00:58)} exd4 {(13:40)} 16. Nxd4 {
(04:12)} Nxd4 {(05:21)} 17. Bxd4 {(03:17)} Bxd4 {(
01:06)} 18. Qxd4 {(00:46)} c6 {(00:19)} 19. Ba2 {(01:05)}
c5 {(01:27)} 20. Qd2 {(07:35)} Bxe4 {(01:29)} 21. Rad1 {
(08:43)} Rb6 {(04:59)} 22. Qf4 {(00:48)} Qa8 {(00:
54)} 23. f3 {(03:21)} Qxa2 {(00:48)} 24. fxe4 {(00:04)}
Qxb2 {(00:09)} 25. Rd3 {(00:26)} Qb3 {(00:54)} 26. e5 {
(02:13)} dxe5 {(03:48)} 27. Qxe5 {(00:07)} Rg6 {(
00:08)} 28. Rdf3 {(01:21)} Rg5 {(01:38)} 29. Qe2 {(03:21)}
f6 {(05:15)} 30. h4 {(01:51)} Re5 {(06:05)} 31. Qd3 {
(00:07)} b4 {(02:13)} 32. Qg6 {(02:54)} bxc3 {(03:
24)} 33. Rg3 {(00:14)} Qf7 {(01:58)} 34. Qc2 {(01:00)} Qh5
{(00:38)} 35. Qb3+ {(01:19)} Kh8 {(00:40)} 36. Qc4 {
(00:34)} Rd8 {(01:01)} 37. Qa4 {(02:28)} c2 {(01:
59)} 38. Qxc2 {(00:48)} Qxh4 {(00:07)} 39. Rh3 {(00:19)}
Qe4 {(00:16)} 40. Qc1 {(00:00)} Rg5 {(00:00)} 41. Rhf3 {
(01:51)} Rd3 {(01:41)} 42. R3f2 {(00:17)} Rdg3 {(
00:47)} 43. Qb2 {(00:14)} Qd4 {(00:27)} 44. Qb8+ {(00:14)}
Kh7 {(00:06)} 45. Qb1+ {(00:15)} f5 {(00:42)} 46. Kh2 {
(00:05)} Qh4+ {(00:12)} 47. Kg1 {(00:01)} Rh3 {(00:
12)} 0-1

[Event "42nd Olympiad Baku 2016 Women"]
[Site "Baku"]
[Date "2016.09.05"]
[Round "4.31"]
[White "Sikorova, Olga"]
[Black "Enkhtuul, Altan-Ulzii"]
[Result "0-1"]
[ECO "A00"]
[WhiteElo "2234"]
[BlackElo "2288"]
[Annotator ""]
[PlyCount "116"]
[EventDate "2016.??.??"]
[EventCountry "AZE"]
[SourceTitle "playchess.com"]
[Source "ChessBase"]
[WhiteTeam "Czech Republic"]
[BlackTeam "Mongolia"]
[WhiteTeamCountry "CZE"]
[BlackTeamCountry "MGL"]
[TimeControl "40/5400+30:1800+30"]

1. g3 {(00:00)} g6 {(00:28)} 2. Bg2 {(00:18)} Bg7 {
(00:09)} 3. Nc3 {(01:42)} c5 {(12:07)} 4. e4 {(05:
15)} d6 {(00:56)} 5. Nge2 {(01:54)} Nc6 {(00:06)} 6. O-O {
(01:24)} e6 {(01:00)} 7. d3 {(03:22)} Nge7 {(00:07]
} 8. Be3 {(02:20)} Nd4 {(00:26)} 9. Qd2 {(08:36)} O-O {
(01:27)} 10. Nd1 {(13:48)} e5 {(12:50)} 11. c3 {(
06:37)} Nxe2+ {(00:54)} 12. Qxe2 {(00:01)} Nc6 {(02:42)}
13. Qd2 {(01:46)} Be6 {(02:28)} 14. h3 {(07:53)} Qd7 {
(03:04)} 15. Kh2 {(02:06)} b6 {(00:48)} 16. f4 {(
11:18)} exf4 {(00:35)} 17. Bxf4 {(03:00)} d5 {(01:54)} 18.
exd5 {(03:59)} Bxd5 {(00:06)} 19. Bxd5 {(00:12)} Qxd5 {
(00:08)} 20. Ne3 {(00:07)} Qd7 {(00:36)} 21. Rad1 {
(07:57)} Rad8 {(00:35)} 22. a3 {(12:35)} f6 {(03:
12)} 23. Ng2 {(01:38)} Rfe8 {(01:46)} 24. b4 {(01:39)} g5
{(01:18)} 25. Be3 {(00:14)} Ne5 {(02:13)} 26. bxc5 {
(00:35)} bxc5 {(00:13)} 27. Qa2+ {(00:42)} Qd5 {(
01:25)} 28. Qxd5+ {(00:06)} Rxd5 {(00:01)} 29. c4 {(02:43]
} Rxd3 {(00:01)} 30. Bxc5 {(00:37)} Red8 {(02:45)} 31.
Rxd3 {(00:27)} Rxd3 {(00:16)} 32. Rc1 {(00:34)} Bh6 {
(01:03)} 33. g4 {(00:33)} f5 {(00:49)} 34. Bxa7 {(
00:28)} fxg4 {(00:23)} 35. hxg4 {(00:26)} Rxa3 {(00:31)}
36. Bb6 {(00:22)} Nxg4+ {(00:16)} 37. Kg1 {(00:02)} Ne5 {
(00:13)} 38. c5 {(01:08)} Nd3 {(01:31)} 39. Rd1 {(
00:25)} Rc3 {(00:38)} 40. Ne3 {(00:00)} Nxc5 {(00:00)} 41.
Nf5 {(12:38)} Bf8 {(03:28)} 42. Rd5 {(02:25)} Kf7 {
(06:10)} 43. Nd4 {(01:49)} Be7 {(03:52)} 44. Nf5 {(
04:53)} Bf8 {(02:33)} 45. Nd4 {(00:03)} Kg6 {(01:55)} 46.
Kg2 {(00:48)} Nd3 {(12:05)} 47. Ne2 {(05:46)} Rc2 {
(01:22)} 48. Rxd3 {(00:52)} Rxe2+ {(00:13)} 49. Kf3 {
(00:09)} Re6 {(00:13)} 50. Be3 {(01:30)} Rf6+ {(00:
31)} 51. Kg2 {(00:21)} Bd6 {(00:44)} 52. Bd4 {(00:56)} Rf5
{(01:17)} 53. Rb3 {(00:22)} Rd5 {(01:59)} 54. Be3 {
(02:10)} h5 {(00:10)} 55. Kf3 {(00:53)} Kf5 {(00:
15)} 56. Rb7 {(00:39)} g4+ {(00:46)} 57. Ke2 {(00:39)} Ke4
{(02:57)} 58. Rg7 {(01:07)} Ra5 {(01:13)} 0-1

[Event "42nd Olympiad Baku 2016 Women"]
[Site "Baku"]
[Date "2016.09.05"]
[Round "4.21"]
[White "Smith, Olivia"]
[Black "Lomandong Noela-Joyce"]
[Result "1/2-1/2"]
[ECO "B06"]
[WhiteElo "2002"]
[BlackElo "1763"]
[Annotator ""]
[PlyCount "112"]
[EventDate "2016.??.??"]
[EventCountry "AZE"]
[SourceTitle "playchess.com"]
[Source "ChessBase"]
[WhiteTeam "Wales"]
[BlackTeam "Monaco"]
[WhiteTeamCountry "WLS"]
[BlackTeamCountry "MNC"]
[TimeControl "40/5400+30:1800+30"]

1. e4 {(00:00)} g6 {(00:00)} 2. d4 {(00:00)} Bg7 {(
00:00)} 3. Nc3 {(00:00)} c6 {(00:00)} 4. Be3 {(00:52)} d5
{(00:16)} 5. e5 {(00:25)} Nh6 {(04:52)} 6. Qd2 {(
00:37)} Nf5 {(00:43)} 7. Bf4 {(00:36)} Qb6 {(02:03)} 8.
O-O-O {(00:34)} f6 {(03:35)} 9. g4 {(08:14)} Nxd4 {
(09:10)} 10. Na4 {(06:28)} Qd8 {(02:41)} 11. Qxd4 {
(00:26)} Bxg4 {(00:18)} 12. f3 {(01:21)} Bf5 {(01:
32)} 13. exf6 {(01:59)} Bxf6 {(00:21)} 14. Be5 {(03:23)}
O-O {(00:59)} 15. Bxf6 {(00:27)} Rxf6 {(00:04)} 16. Bh3 {
(18:21)} Qf8 {(07:20)} 17. Bxf5 {(00:35)} Rxf5 {(
00:03)} 18. Nc3 {(05:57)} Nd7 {(02:35)} 19. Nge2 {(04:49)}
e5 {(05:28)} 20. Qd2 {(01:00)} Nb6 {(00:09)} 21. b3 {
(11:17)} Rxf3 {(08:14)} 22. Ng3 {(03:47)} Qc5 {(17:
12)} 23. Nce2 {(04:09)} a5 {(08:51)} 24. Rdf1 {(01:30)}
Qa3+ {(03:09)} 25. Kb1 {(01:40)} Rxf1+ {(05:02)} 26. Rxf1
{(00:06)} a4 {(00:06)} 27. Nc1 {(01:45)} d4 {(03:
53)} 28. Ne4 {(02:09)} Nd5 {(09:02)} 29. Nf6+ {(01:07)}
Kg7 30. Nxd5 {(02:47)} cxd5 {(01:08)} 31. Qg5 {(03:31)}
Qd6 {(01:24)} 32. Nd3 {(03:01)} Re8 {(01:18)} 33. Qg3 {
(03:58)} axb3 {(01:21)} 34. axb3 {(02:14)} Qe7 {(
00:09)} 35. Qf2 {(01:12)} Ra8 {(02:11)} 36. Qg3 {(02:20)}
Re8 {(00:47)} 37. Qf2 {(00:27)} Ra8 {(00:01)} 38. h4 {
(00:28)} Ra6 {(02:15)} 39. Nxe5 {(01:01)} Rf6 {(00:
38)} 40. Qxf6+ {(00:23)} Qxf6 {(00:02)} 41. Rxf6 {(30:19)}
Kxf6 {(30:02)} 42. Nf3 {(00:29)} Kf5 {(00:43)} 43. Kc1 {
(01:51)} Kg4 44. Nxd4 {(00:56)} Kxh4 {(00:54)} 45. Kd2 {
(00:13)} h5 {(00:00)} 46. Ke3 {(00:00)} Kg4 47. Kf2 Kf4 {
(00:00)} 48. Ne6+ {(00:00)} Ke5 {(00:00)} 49. Nc5 {
(00:00)} b5 {(00:00)} 50. Ke3 {(00:00)} g5 {(00:00]
} 51. Nd7+ {(00:00)} Ke6 {(00:00)} 52. Nc5+ {(00:00)} Ke5
{(00:00)} 53. Nd3+ {(00:00)} Kf5 {(00:00)} 54. Nb4 {
(00:00)} d4+ {(00:00)} 55. Kf3 {(00:00)} h4 {(00:
00)} 56. Nc6 {(00:00)} g4+ {(00:00] Ke4+ Kxe4 (%clk 0:12:31) Na7
(%clk 0:15:27) d3 (%clk 0:11:39) cxd3+ (%clk 0:15:34) Kxd3 (%clk 0:12:21) Nxb5
Kc2 Nd4+ (%clk 0:15:28) Kc3 (%clk 0:12:43) Nf5} 1/2-1/2

[Event "42nd Olympiad Baku 2016 Women"]
[Site "Baku"]
[Date "2016.09.05"]
[Round "4.7"]
[White "Song, Kate"]
[Black "Comas Colon, Rinelly M"]
[Result "1-0"]
[ECO "B06"]
[WhiteElo "1681"]
[BlackElo "1773"]
[Annotator ""]
[PlyCount "107"]
[EventDate "2016.??.??"]
[EventCountry "AZE"]
[SourceTitle "playchess.com"]
[Source "ChessBase"]
[WhiteTeam "New Zealand"]
[BlackTeam "Puerto Rico"]
[WhiteTeamCountry "NZL"]
[BlackTeamCountry "PUR"]
[TimeControl "40/5400+30:1800+30"]

1. e4 {(00:00)} g6 {(00:00)} 2. d4 {(00:00)} Bg7 {(
00:04)} 3. c3 {(00:30)} d6 {(00:41)} 4. Bd3 {(02:13)} Nf6
{(01:02)} 5. h3 {(01:21)} O-O {(01:22)} 6. Ne2 {(
01:34)} c6 {(02:01)} 7. Ng3 {(01:54)} e5 {(03:10)} 8. O-O
{(04:03)} Nbd7 {(05:49)} 9. Be3 {(08:45)} Re8 {(04:
10)} 10. Nd2 {(04:15)} d5 {(09:55)} 11. Qc2 {(11:22)} exd4
{(07:04)} 12. cxd4 {(01:21)} Nxe4 {(06:34)} 13. Ndxe4 {
(00:51)} dxe4 {(00:06)} 14. Nxe4 {(00:41)} Nb6 {(
00:46)} 15. Qc3 {(03:47)} Nd5 {(04:35)} 16. Qd2 {(00:46)}
Nxe3 {(01:26)} 17. fxe3 {(01:06)} Bf5 {(03:19)} 18. Nc5 {
(02:01)} b6 {(08:05)} 19. Nb3 {(02:12)} Bxd3 {(01:
27)} 20. Qxd3 {(00:11)} Rc8 {(00:32)} 21. Rac1 {(11:48)}
Qd5 {(03:16)} 22. Rf3 {(04:51)} c5 {(03:21)} 23. Qc4 {
(01:32)} Qxc4 {(02:30)} 24. Rxc4 {(00:06)} Rcd8 {(
04:08)} 25. Kf2 {(02:20)} cxd4 {(04:04)} 26. exd4 {(02:32]
} Re7 {(00:50)} 27. a3 {(02:48)} b5 {(03:07)} 28. Rb4 {
(00:34)} a6 {(00:18)} 29. a4 {(02:18)} Rc7 {(00:52]
} 30. Rc3 {(01:58)} Rcd7 {(05:15)} 31. axb5 {(02:35)} Bf8
{(02:27)} 32. Ra4 {(01:34)} axb5 {(00:19)} 33. Ra5 {
(00:19)} Rd5 {(02:52)} 34. Ra7 {(02:34)} Bd6 {(02:
27)} 35. Rf3 {(03:22)} f5 {(00:51)} 36. Rb7 {(03:57)} b4 {
(01:11)} 37. Ke2 {(01:39)} Bf8 {(04:25)} 38. Re3 {(
02:38)} Rc8 {(02:11)} 39. Kd3 {(01:00)} h6 {(00:39)} 40.
Re6 {(00:00)} Rd6 {(00:00)} 41. Rxd6 {(01:29)} Bxd6 {
(00:37)} 42. Rb6 {(00:10)} Rd8 {(00:55)} 43. Na5 {(
00:12)} Bc5 {(03:20)} 44. Rxg6+ {(01:51)} Kf7 {(01:55)}
45. Rc6 {(05:38)} Rxd4+ {(01:03)} 46. Kc2 {(00:17)} Bf8 {
(00:40)} 47. Rc4 {(01:45)} Rd6 {(04:27)} 48. Nc6 {(
00:32)} Kg6 {(06:05)} 49. Nxb4 {(00:13)} Kh5 {(01:48)} 50.
Nd3 {(00:43)} Bg7 {(01:18)} 51. b4 {(00:35)} Rd4 {(
01:54)} 52. Nf4+ {(02:44)} Kh4 {(00:28)} 53. g3+ {(00:23)}
Kxg3 {(00:27)} 54. Ne2+ {(00:04)} 1-0

[Event "42nd Olympiad Baku 2016 Women"]
[Site "Baku"]
[Date "2016.09.05"]
[Round "4.2"]
[White "Sotomayor Villatoro, Silvi"]
[Black "Thornton, Filipina"]
[Result "1-0"]
[ECO "A45"]
[WhiteElo "1876"]
[BlackElo "1737"]
[Annotator ""]
[PlyCount "37"]
[EventDate "2016.??.??"]
[EventCountry "AZE"]
[SourceTitle "playchess.com"]
[Source "ChessBase"]
[WhiteTeam "Guatemala"]
[BlackTeam "Malta"]
[WhiteTeamCountry "GUA"]
[BlackTeamCountry "MLT"]
[TimeControl "40/5400+30:1800+30"]

1. d4 {(00:00)} Nf6 {(00:00)} 2. e3 {(00:00)} g6 {(
00:00)} 3. Nc3 {(02:00)} Bg7 {(00:00)} 4. e4 {(00:03)} d6
{(00:20)} 5. f3 {(00:08)} O-O {(00:44)} 6. Be3 {(
00:06)} a5 {(00:32)} 7. Bc4 {(01:52)} c6 {(01:40)} 8. a4 {
(03:03)} Na6 {(01:43)} 9. Nge2 {(01:05)} Nb4 {(00:
18)} 10. Qd2 {(01:41)} Re8 {(05:06)} 11. Rd1 {(08:33)} Qc7
{(07:58)} 12. Bb3 {(02:05)} Rb8 {(02:37)} 13. O-O {
(01:38)} b5 {(05:53)} 14. Bh6 {(01:37)} Bh8 {(06:
44)} 15. f4 {(01:53)} Na6 {(07:32)} 16. f5 {(06:33)} b4 {
(02:43)} 17. fxg6 {(00:24)} hxg6 {(00:58)} 18. Qg5 {
(10:51)} bxc3 {(03:20)} 19. Qxg6+ {(00:12)} 1-0

[Event "42nd Olympiad Baku 2016 Women"]
[Site "Baku"]
[Date "2016.09.05"]
[Round "4.17"]
[White "Stefanova, Antoaneta"]
[Black "Rodriguez Arrieta, Maria Elena"]
[Result "1-0"]
[ECO "A45"]
[WhiteElo "2515"]
[BlackElo "1903"]
[Annotator ""]
[PlyCount "101"]
[EventDate "2016.??.??"]
[EventCountry "AZE"]
[SourceTitle "playchess.com"]
[Source "ChessBase"]
[WhiteTeam "Bulgaria"]
[BlackTeam "Costa Rica"]
[WhiteTeamCountry "BUL"]
[BlackTeamCountry "CRI"]
[TimeControl "40/5400+30:1800+30"]

1. d4 {(00:00)} Nf6 {(00:00)} 2. Bg5 {(00:00)} Ne4 {
(00:00)} 3. Bf4 {(00:08)} c5 {(00:00)} 4. f3 {(00:
46)} Nf6 {(00:17)} 5. d5 {(00:22)} Qb6 {(02:16)} 6. Nc3 {
(01:10)} d6 {(00:53)} 7. e4 {(07:27)} g6 {(03:01)}
8. a4 {(03:09)} Bg7 {(01:58)} 9. Bb5+ {(03:21)} Bd7 {
(00:29)} 10. Nge2 {(03:58)} Bxb5 {(05:19)} 11. axb5 {
(02:38)} a6 {(03:01)} 12. Ra3 {(01:18)} Nbd7 {(03:
21)} 13. Qa1 {(01:51)} O-O {(03:28)} 14. O-O {(01:45)} e6
{(02:07)} 15. Qa2 {(06:34)} exd5 {(07:58)} 16. exd5 {
(00:05)} Ne8 {(04:56)} 17. Kh1 {(14:52)} Ne5 {(05:
07)} 18. Qb3 {(27:17)} Nc7 {(07:21)} 19. Rfa1 {(04:35)}
Rab8 {(04:23)} 20. Ra5 {(04:54)} axb5 {(05:38)} 21. Bxe5 {
(05:01)} Bxe5 {(02:29)} 22. Nxb5 {(00:28)} Na6 {(
03:53)} 23. c3 {(01:26)} Rfe8 {(01:45)} 24. Qc4 {(00:17)}
Qd8 {(02:21)} 25. Nc1 {(04:42)} Bg7 {(05:03)} 26. Nd3 {
(00:43)} Qe7 {(06:06)} 27. Rd1 {(02:54)} Bf8 {(06:
00)} 28. Raa1 {(00:44)} Qg5 {(00:16)} 29. Nf2 {(00:38)}
Rbd8 {(06:44)} 30. Ne4 {(00:26)} Qe5 {(00:37)} 31. Rf1 {
(00:50)} h6 {(02:07)} 32. Rad1 {(00:15)} f5 {(01:
15)} 33. Nf2 {(01:05)} Qg7 {(03:17)} 34. Nd3 {(00:33)} g5
{(00:50)} 35. Nc1 {(00:27)} Qf7 {(00:54)} 36. Qd3 {
(00:13)} Re5 {(00:36)} 37. f4 {(00:55)} Re4 {(00:
39)} 38. fxg5 {(00:04)} hxg5 {(00:08)} 39. Ne2 {(00:55)}
Re5 {(00:56)} 40. Ng1 {(00:00)} Rde8 {(00:00)} 41. Nf3 {
(10:03)} Re3 {(01:36)} 42. Qb1 {(00:08)} Qf6 {(01:
45)} 43. Nd2 {(04:05)} f4 {(04:55)} 44. Nc4 {(02:30)} Re2
{(00:25)} 45. Qd3 {(02:51)} g4 {(03:30)} 46. Qg3 {(
04:08)} fxg3 {(05:43)} 47. Rxf6 {(00:05)} Bg7 {(00:05)}
48. Rf4 {(04:33)} Re1+ {(01:54)} 49. Rf1 {(00:05)} Rxd1 {
(00:21)} 50. Rxd1 {(00:03)} gxh2 {(00:06)} 51. Nbxd6 {
(01:51)} 1-0